 Dungeon Crawl Stone Soup version 0.30-a0-800-g7c544603b3 (webtiles) character file.

Game seed: 14417508281423981521

72 testman the Conjurer (level 4, -1/33 HPs)
             Began as a Human Wanderer on Feb 22, 2023.
             Slain by jimonade's ghost (12 damage)
             ... on level 3 of the Dungeon.
             The game lasted 00:07:00 (2476 turns).

testman the Conjurer (Human Wanderer)               Turns: 2476, Time: 00:07:01

Health: -1/33      AC:  2    Str:  9    XL:     4   Next: 50%
Magic:  0/5        EV: 11    Int: 14    God:
Gold:   42         SH:  0    Dex: 16    Spells: 4/5 levels left

rFire   . . .      SeeInvis .    a - +1 short sword
rCold   . . .      Faith    .    (no shield)
rNeg    + . .      Spirit   .    c - +0 robe
rPois   .          Reflect  .    (no helmet)
rElec   .          Harm     .    (no cloak)
rCorr   .          Rampage  .    (no gloves)
Will    .....                    (no boots)
Stlth   ++                       (no amulet)
HPRegen 0.25/turn                o - ring of positive energy
MPRegen 0.09/turn                (no ring)

@: lethally poisoned (-1 -> -5)
A: no striking features
a: no special abilities


You were on level 3 of the Dungeon.
You visited 1 branch of the dungeon, and saw 3 of its levels.

You collected 140 gold pieces.
You spent 98 gold pieces at shops.

Inventory:

Hand Weapons
 a - a +1 short sword (weapon)
Armour
 c - a +0 robe (worn)
Jewellery
 o - a ring of positive energy (left hand)
Wands
 p - a wand of roots (5)
Scrolls
 b - a scroll of silence
 d - 8 scrolls of identify {unknown}
 e - a scroll of blinking {unknown}
 i - a scroll of teleportation {unknown}
 k - 2 scrolls of amnesia {unknown}
 l - a scroll of enchant weapon {unknown}
 m - a scroll of enchant armour {unknown}
Potions
 f - a potion of degeneration {unknown}
 g - 2 potions of curing
 h - 2 potions of magic {unknown}
 j - 2 potions of heal wounds {unknown}
 n - 2 potions of brilliance


   Skills:
 + Level 2.0 Fighting
 + Level 2.0 Short Blades
 - Level 1.0 Throwing
 - Level 1.0 Armour
 - Level 2.0 Stealth
 - Level 1.0 Spellcasting
 + Level 3.4 Conjurations
 - Level 2.0 Air Magic


You had 4 spell levels left.
You knew the following spells:

 Your Spells              Type           Power      Damage    Failure   Level
a - Shock                 Conj/Air       32%        1d5       9%          1

Your spell library contained the following spells:

 Spells                   Type           Power      Damage    Failure   Level
 Iskenderun's Mystic Bla  Conj/Tloc      5%         2d3       78%         4
 Sticky Flame             Conj/Fire      5%         2d3       78%         4


Dungeon Overview and Level Annotations

Branches:
Dungeon (3/15)

Altars:

Shops:
D:2 !

Annotations:
D:3 jimonade's ghost, amateur DjVM


Message History

You feel sick. The adder barely misses you. x3
You feel sick. The adder bites you but does no damage.
You feel sick. The adder misses you. The adder closely misses you.
The adder misses you.
There is a stone staircase leading down here.
The adder attacks as you move away! The adder bites you but does no damage.
You feel sick.
You are no longer poisoned.
The adder bites you. The adder closely misses you. The adder bites you.
You closely miss the adder.
The adder is almost dead.
The adder barely misses you.
You hit the adder but do no damage.
The adder is almost dead.
The adder bites you. The adder barely misses you.
Aiming: Shock (safe; 9% risk of failure)
Press: ? - help, Q - select action, (/) - cycle Shift-Dir - straight line, f/p - adder
Aim: an adder (almost dead, 48% to hit)
The zap hits the adder.
You kill the adder!
The zap hits jimonade's ghost but does no damage.
The zap misses the adder.
The zap hits the adder.
The adder is severely wounded.
The zap hits jimonade's ghost but does no damage.
Your Fighting skill increases to level 2!
Your Short Blades skill increases to level 2!
Jimonade's ghost hits you.
You don't have enough magic to cast this spell.
You don't have enough magic to cast this spell.
You hit jimonade's ghost but do no damage.
Jimonade's ghost points at you and mumbles some strange words.
The sting hits you.
You are poisoned.
You closely miss jimonade's ghost.
You feel sick.
Jimonade's ghost hits you but does no damage.
You are electrocuted!
You die...

#####.################
##### ##..†..# ....#
##..##### ########
....######..##
#......# ...........##
#......# ####
....######## ##......#
#... .....# #.......#
#... ####.##
#######....#### #...
#..# #.SW@......###
#... ##.##
##.#######....# #...
#..#####..# #.)#.#
#... ##...##..##
#..#.#####.(.
###....##
#..#.....#...
#######.>#
#...####.....
~(~~~~'..#
##..####.##.(
#######..#
#>...#..##.. #....# #
#.##...###.#


You could see jimonade's ghost and an adder.

Vanquished Creatures
  2 adders
  A worm (D:2)
  A dart slug (D:3)
  An orc (D:3)
  8 bats
  An endoplasm (D:1)
  A giant cockroach (D:1)
  4 goblins
  10 hobgoblins
  3 kobolds
  3 quokkas (D:1)
  4 ball pythons
  2 frilled lizards (D:2)
  5 rats
46 creatures vanquished.

Notes
Turn   | Place    | Note
-------+----------+-------------------------------------------
     0 | D:1      | testman the Human Wanderer began the quest for the Orb.
     0 | D:1      | testman set off with the following items: a +1 short sword,
                  | a scroll of silence, a +0 robe; and the following spell
                  | memorised: Shock; and the following spells available to
                  | memorise: Iskenderun's Mystic Blast, Sticky Flame.
     0 | D:1      | Reached XP level 1. HP: 15/15 MP: 2/2
    48 | D:1      | Found a faded altar of an unknown god.
    64 | D:1      | Reached skill level 1 in Air Magic
   113 | D:1      | Reached XP level 2. HP: 21/21 MP: 3/3
   548 | D:1      | Reached XP level 3. HP: 24/26 MP: 4/4
  1166 | D:2      | Reached XP level 4. HP: 12/33 MP: 2/5
  1797 | D:2      | Found Nalysh's Distillery.
  1814 | D:2      | Bought a potion of curing for 42 gold pieces
  1814 | D:2      | Bought a potion of brilliance for 56 gold pieces
  2329 | D:3      | Found a runed translucent door.
  2333 | D:3      | Noticed jimonade's ghost (amateur DjVM)
  2476 | D:3      | Slain by jimonade's ghost

Illustrated notes

Levels and vault maps discovered:
D:1:      dpeg_arrival_long_road, layout_loops_ring,
          chequers_ecumenical_altar_simple_redux
D:2:      layout_loops_corners, serial_shops, shop
D:3:      minmay_evil_eye, layout_rooms, ebering_ghost_sewer_d

Skill      XL: |  1  2  3  4 |
---------------+-------------+-----
Air Magic      | 1 2 |  2.0
Fighting       | 2 |  2.0
Short Blades   | 2 |  2.0
Throwing       | |  1.0
Armour         | |  1.0
Stealth        | |  2.0
Spellcasting   | |  1.0
Conjurations   | |  3.4

Action                     |  1- 3 |  4- 6 || total
---------------------------+-------+-------++-------
  Melee: Short sword       |    88 |    32 ||   120
         Punch             |     1 |       ||     1
   Cast: Shock             |    20 |    15 ||    35
   Stab: Sleeping          |     5 |     2 ||     7
 Armour: Robe              |    13 |     9 ||    22
  Dodge: Dodged            |    56 |    21 ||    77

Table legend: (Time is in decaauts)
 A = Elapsed time spent in this place.
 B = Non-inter-level travel time spent in this place.
 C = Inter-level travel time spent in this place.
 D = Time resting spent in this place.
 E = Time spent auto-exploring this place.
 F = Levels seen in this place.
 G = Mean time per level.
                   A        B        C        D        E       F      G
               +--------+--------+--------+--------+--------+-----+--------+
         Total |   2467 |   2379 |     88 |      0 |   2055 |   3 |  822.3 |
       Dungeon |   2467 |   2379 |     88 |      0 |   2055 |   3 |  822.3 |
               +--------+--------+--------+--------+--------+-----+--------+

Top non-repeatable levels by time:
     D:1: 1049 daAuts
     D:2: 1016 daAuts
     D:3: 401 daAuts
